 Dungeon Sprint DCSS version 0.30.0-5-g1a98f26d00 (webtiles) character file.

Game seed: 10612612337168637377

54 zazu2006 the Skirmisher (level 7, -5/60 HPs)
             Began as a Gnoll Hunter on May 9, 2023.
             Was a Priest of Vehumet.
             Killed from afar by a hell hound (7 damage)
             ... with a blast of flame
             ... in the Dungeon (Sprint VI: "Thunderdome").
             The game lasted 00:04:39 (512 turns).

zazu2006 the Skirmisher (Gnoll Hunter)               Turns: 512, Time: 00:04:39

Health: -5/60      AC:  3    Str: 12    XL:     7   Next: 19%
Magic:  15/15      EV: 15    Int:  8    God:    Vehumet [***...]
Gold:   280        SH:  0    Dex: 16    Spells: 16/16 levels left

rFire   . . .        a - +0 shortbow
rCold   . . .        (shield currently unavailable)
rNeg    . . .        c - +0 leather armour
rPois   .            (no helmet)
rElec   .            (no cloak)
rCorr   .            (no gloves)
SInv    .            (no boots)
Will    .....        (no amulet)
Stlth   +++          (no ring)
HPRegen 0.30/turn    (no ring)
MPRegen 0.14/turn

%: no teleportation
@: no status effects
A: fangs 1, strong nose, distributed training
a: Renounce Religion


You were in the Dungeon.
You worshipped Vehumet.
Vehumet was most pleased with you.
You visited 1 branch You collected 280 gold pieces.

Inventory:

Hand Weapons
 a - a +0 shortbow (weapon)
Armour
 c - a +0 leather armour (worn)
Wands
 k - a wand of light (3)
 l - a wand of iceblast (5)
Scrolls
 b - a scroll of immolation
 i - 4 scrolls of blinking
 m - 3 scrolls of fog
Potions
 e - 3 potions of heal wounds
 f - 4 potions of haste
 g - 2 potions of magic
 h - a potion of berserk rage
 j - a potion of resistance


   Skills:
 + Level 7.2 Fighting
 + Level 5.4 Short Blades
 + Level 5.4 Long Blades
 + Level 5.4 Axes
 + Level 5.4 Maces & Flails
 + Level 5.4 Polearms
 + Level 5.4 Staves
 + Level 10.2 Ranged Weapons
 + Level 5.4 Throwing
 + Level 5.4 Armour
 + Level 7.2 Dodging
 + Level 6.0 Stealth
 + Level 5.4 Shields
 + Level 5.4 Unarmed Combat
 + Level 5.4 Spellcasting
 + Level 4.5 Conjurations
 + Level 4.5 Hexes
 + Level 4.5 Summonings
 + Level 4.5 Necromancy
 + Level 4.5 Translocations
 + Level 4.5 Transmutations
 + Level 4.5 Fire Magic
 + Level 4.5 Ice Magic
 + Level 4.5 Air Magic
 + Level 4.5 Earth Magic
 + Level 4.5 Poison Magic
 + Level 6.0 Invocations
 + Level 5.4 Evocations


You had 16 spell levels left.
You didn't know any spells.
Your spell library was empty.

Dungeon Overview and Level Annotations

Branches:
Dungeon (1/1)

Altars:
Cheibriados
Dithmenos
Fedhas
Gozag
Kikubaaqudgha
Makhleb
Okawaru
Qazlal
Ru
Sif Muna
Trog
Uskayaw
Vehumet
Wu Jian
Xom
Yredelemnul
Zin
The Shining One
Lugonu

Shops:
D *[??*?*:[((!!!!


Innate Abilities, Weirdness & Mutations

You have very sharp teeth.
Your uncanny sense of smell can sniff out nearby items.
Your experience applies equally to all skills.


Message History

The hell hound is moderately wounded.
Fire: a) +0 shortbow
Press: ? - help, Q - select action, (/) - cycle Shift-Dir - straight line, f/p - hell hound
Aim: a hell hound (moderately wounded, 60% to hit)
You shoot an arrow.
The arrow hits the hell hound but does no damage.
The hell hound is moderately wounded.
Fire: a) +0 shortbow
Press: ? - help, Q - select action, (/) - cycle Shift-Dir - straight line, f/p - hell hound
Aim: a hell hound (lightly wounded, 60% to hit)
You shoot an arrow.
The arrow closely misses the hell hound.
The hell hound completely misses you. The hell hound misses you.
Fire: a) +0 shortbow
Press: ? - help, Q - select action, (/) - cycle Shift-Dir - straight line, f/p - hell hound
Aim: a hell hound (lightly wounded, 60% to hit)
You shoot an arrow. The arrow hits the hell hound!
The hell hound is heavily wounded.
The hell hound bites you.
Fire: a) +0 shortbow
Press: ? - help, Q - select action, (/) - cycle Shift-Dir - straight line, f/p - hell hound
Aim: a hell hound (heavily wounded, 60% to hit)
You shoot an arrow. The arrow barely misses the hell hound.
The hell hound bites you. The hell hound breathes flames at you.
The blast of flame hits you!!
* * * LOW HITPOINT WARNING * * *
Fire: a) +0 shortbow
Press: ? - help, Q - select action, (/) - cycle Shift-Dir - straight line, f/p - hell hound
Aim: a hell hound (moderately wounded, catching its breath, 60% to hit)
You shoot an arrow. The arrow hits the hell hound.
The hell hound is heavily wounded.
The hell hound misses you.
Aiming: Bolt of Light
Press: ? - help, Shift-Dir - straight line, f/p - hell hound
Aim: a hell hound (heavily wounded, 64% to hit)
The bolt of light misses the hell hound.
The hell hound breathes flames at you. The blast of flame hits you!
You die...

##### ##⌠⌠h## #.....# ##.....##
##∩.....∩## #∩.......∩#
#_......._# #....[..._#
#_.h@...._# ###)....[...###
#§...........⌠#
######.8.......†.8.######
##._._..)...###......___∩##
###∩........8.# #.8........∩###
##.............###.............#
#⌠..........###...###..........⌠
#⌠..........# #.<.# #..........⌠


You could see a hell hound (catching breath) and a wolf (wandering).

Vanquished Creatures
  Sigmund (D)
  A hell hound (D)
  A wolf (D)
  Blork the orc (D)
  A hound (D)
  2 orc priests (D)
  A worm (D)
  4 orcs (D)
  A kobold (D)
  A rat (D)
14 creatures vanquished.

Notes
Turn   | Place    | Note
-------+----------+-------------------------------------------
     0 | D        | zazu2006 the Gnoll Hunter began the quest for the Orb.
     0 | D        | Reached XP level 1. HP: 20/20 MP: 1/1
     3 | D        | Found an ancient bone altar of Kikubaaqudgha.
     3 | D        | Found a blossoming altar of Fedhas.
     4 | D        | Found an ornate altar of the Wu Jian Council.
     5 | D        | Round 1.
     7 | D        | Found a basalt altar of Yredelemnul.
     8 | D        | Found an opulent altar of Gozag.
     9 | D        | Found a shimmering blue altar of Sif Muna.
     9 | D        | Found a glowing golden altar of the Shining One.
    10 | D        | Found Paufef's Identification Station.
    10 | D        | Found a bloodstained altar of Trog.
    11 | D        | Found Tyriagg's Advanced Armour.
    11 | D        | Found Omexos's Jewellery.
    12 | D        | Found a sacrificial altar of Ru.
    18 | D        | Found Ubrului's Premium Goods.
    19 | D        | Found a burning altar of Makhleb.
    19 | D        | Found a radiant altar of Vehumet.
    19 | D        | Found a glowing silver altar of Zin.
    19 | D        | Found Jaxuomma's Weapon Rack.
    19 | D        | Found Ymin's Miscellaneous Merchandise.
    19 | D        | Found Risemp's Basic Armour.
    23 | D        | Found a hide-covered altar of Uskayaw.
    27 | D        | Became a worshipper of Vehumet
    54 | D        | Found a shadowy altar of Dithmenos.
    56 | D        | Found a stormy altar of Qazlal.
    57 | D        | Found Ycatwyer's Magic Scroll Shop.
    58 | D        | Found Iclakk's Magic Scroll Shop.
    58 | D        | Found Jeil's Must-Have Magic.
    59 | D        | Found a snail-covered altar of Cheibriados.
    59 | D        | Found Omut's Staff Store.
    65 | D        | Found a shimmering altar of Xom.
    66 | D        | Found Vudijemn's Distillery.
    66 | D        | Found an iron altar of Okawaru.
    66 | D        | Found a corrupted altar of Lugonu.
    66 | D        | Found Arygiuh's Do-It-Yourself Clinic.
    67 | D        | Found Jedghofar's Distillery.
    67 | D        | Found Yklok's Bottled Wisdom.
   135 | D        | Noticed Sigmund
   142 | D        | Killed Sigmund
   143 | D        | Reached skill level 9 in Ranged Weapons
   143 | D        | Reached XP level 2. HP: 18/28 MP: 1/6
   143 | D        | Reached XP level 3. HP: 22/34 MP: 1/8
   143 | D        | Reached XP level 4. HP: 26/40 MP: 1/9
   143 | D        | Reached XP level 5. HP: 30/46 MP: 1/10
   154 | D        | Reached * piety under Vehumet
   154 | D        | Offered knowledge of Magic Dart by Vehumet.
   164 | D        | Arena points: 12 (+12) [x2]
   218 | D        | Round 2.
   247 | D        | Reached ** piety under Vehumet
   317 | D        | Reached XP level 6. HP: 47/52 MP: 12/12
   336 | D        | Noticed Blork the orc
   346 | D        | Killed Blork the orc
   346 | D        | Offered knowledge of Shock by Vehumet.
   347 | D        | Reached skill level 5 in Stealth
   347 | D        | Reached skill level 5 in Invocations
   354 | D        | Arena points: 54 (+42) [x3]
   403 | D        | Round 3.
   426 | D        | Reached *** piety under Vehumet
   427 | D        | Reached skill level 5 in Short Blades
   427 | D        | Reached skill level 5 in Long Blades
   427 | D        | Reached skill level 5 in Axes
   427 | D        | Reached skill level 5 in Maces & Flails
   427 | D        | Reached skill level 5 in Polearms
   427 | D        | Reached skill level 5 in Staves
   427 | D        | Reached skill level 10 in Ranged Weapons
   427 | D        | Reached skill level 5 in Throwing
   427 | D        | Reached skill level 5 in Armour
   427 | D        | Reached skill level 5 in Shields
   427 | D        | Reached skill level 5 in Unarmed Combat
   427 | D        | Reached skill level 5 in Spellcasting
   427 | D        | Reached skill level 5 in Evocations
   472 | D        | Noticed a hell hound
   480 | D        | Killed a hell hound
   480 | D        | Offered knowledge of Scorch by Vehumet.
   481 | D        | Reached XP level 7. HP: 4/60 MP: 13/15
   510 | D        | HP: 2/60 [hell hound/blast of flame (28)]
   512 | D        | Killed from afar by a hell hound

Illustrated notes

Levels and vault maps discovered:
D:        arena_sprint

Skill      XL: |  1  2  3  4  5  6 |
---------------+-------------------+-----
Fighting       | 6 7 |  7.2
Short Blades   | 3 4 5 |  5.4
Long Blades    | 3 4 5 |  5.4
Axes           | 3 4 5 |  5.4
Maces & Flails | 3 4 5 |  5.4
Polearms       | 3 4 5 |  5.4
Staves         | 3 4 5 |  5.4
Ranged Weapons | 9 10 | 10.2
Throwing       | 3 4 5 |  5.4
Armour         | 3 4 5 |  5.4
Dodging        | 6 7 |  7.2
Stealth        | 4 6 |  6.0
Shields        | 3 4 5 |  5.4
Unarmed Combat | 3 4 5 |  5.4
Spellcasting   | 3 4 5 |  5.4
Conjurations   | 3 4 |  4.5
Hexes          | 3 4 |  4.5
Summonings     | 3 4 |  4.5
Necromancy     | 3 4 |  4.5
Translocations | 3 4 |  4.5
Transmutations | 3 4 |  4.5
Fire Magic     | 3 4 |  4.5
Ice Magic      | 3 4 |  4.5
Air Magic      | 3 4 |  4.5
Earth Magic    | 3 4 |  4.5
Poison Magic   | 3 4 |  4.5
Invocations    | 4 6 |  6.0
Evocations     | 3 4 5 |  5.4

Action                     |  1- 3 |  4- 6 |  7- 9 || total
---------------------------+-------+-------+-------++-------
   Fire: Shortbow          |     8 |    53 |     7 ||    68
  Evoke: Wand              |       |     1 |     1 ||     2
    Use: Potion            |     1 |       |     1 ||     2
 Armour: Leather armour    |       |     1 |       ||     1
  Dodge: Dodged            |     1 |     9 |     3 ||    13
